 Dungeon Crawl Stone Soup version 0.18-a0-1045-g4e042de (webtiles) character file.

22 M4edhros the Charlatan (level 2, -7/18 HPs)
             Began as an Octopode Artificer on Jan 11, 2016.
             Mangled by a gnoll
             ... wielding a +0 flail
              (9 damage)
             ... on level 2 of the Dungeon.
             The game lasted 00:01:05 (749 turns).

M4edhros the Charlatan (Octopode Artificer)          Turns: 749, Time: 00:01:06

Health: -7/18      AC:  1    Str: 10    XL:     2   Next: 91%
Magic:  4/4        EV: 12    Int: 14    God:
Gold:   22         SH:  0    Dex: 12    Spells: 0 memorised, 1 level left

rFire  . . .     SeeInvis .     a - +0 short sword
rCold  . . .     Gourm    .     (no shield)
rNeg   . . .     Faith    .     (helmet restricted)
rPois  .         Spirit   .     (no amulet)
rElec  .         Dismiss  .     (no ring)
rCorr  .         Reflect  .     (no ring)
SustAt .         Harm     .     (no ring)
MR     .....                    (no ring)
Stlth  +++.......               (no ring)
                                (no ring)
                                (no ring)
                                (no ring)

@: not resistant to hostile enchantments, fairly stealthy
A: almost no armour, amphibious, 8 rings, constrict 8, camouflage 1, gelatinous
body 1
a: no special abilities


You were on level 2 of the Dungeon.
You were not hungry.

You visited 1 branch of the dungeon, and saw 2 of its levels.

You collected 22 gold pieces.

Inventory:

Hand Weapons
 a - a +0 short sword (weapon)
Missiles
 k - 8 sling bullets
 m - 2 stones (quivered)
Wands
 b - a wand of flame (15/48)
 c - a wand of enslavement (13/24)
 d - a wand of random effects (12/48)
Scrolls
 h - a scroll of enchant armour {unknown}
 i - 4 scrolls of remove curse {unknown}
 l - a scroll of identify {unknown}
 n - a scroll of noise {unknown}
Potions
 e - a potion of degeneration {unknown}
 g - a potion of agility {unknown}
 o - a potion of haste {unknown}
Comestibles
 f - 2 bread rations
 j - a meat ration


   Skills:
 - Level 1.0 Fighting
 - Level 1.0 Short Blades
 * Level 2.5 Dodging
 * Level 2.7 Stealth
 + Level 3.5 Evocations


You had one spell level left.
You didn't know any spells.

Dungeon Overview and Level Annotations

Branches:
Dungeon (2/15)

Altars:


Innate Abilities, Weirdness & Mutations

You cannot wear most types of armour.
You are amphibious.
You can wear up to eight rings at the same time.
You can use your tentacles to constrict eight enemies at once.
Your skin changes colour to match your surroundings (Stealth).
Your rubbery body absorbs attacks (AC +1).


Message History

The gnoll hits you from afar with a halberd. x2
You release your grip on the gnoll.
There is an escape hatch in the floor here.
The gnoll moves out of view.
You see here a chain mail.
Evoke which item? (* to show all) (? for menu, Esc to quit)
Zapping:
d - a wand of random effects (13/48)
Press: ? - help, Shift-Dir - straight line The gnoll looks slightly unstable.
This wand has 12 charges left.
The gnoll hits you with a flail.
* * * LOW HITPOINT WARNING * * *
Evoke which item? (* to show all) (? for menu, Esc to quit)
Zapping:
c - a wand of enslavement (14/24)
Press: ? - help, Shift-Dir - straight line, f - gnoll
Aim: a gnoll, wielding a flail (moderately wounded, chance to defeat MR: 62%)
The gnoll resists with significant effort.
This wand has 13 charges left.
The gnoll completely misses you. The gnoll hits you with a flail!
Ouch! That really hurt!
You die...

#.# g# #.# .#
#g# .# #.# .#
##.# .# #.g# ..
#g## #g#
###@#########
#...........####
#.#.####.......#
#.#.# #.#####.#
#.#.####.#
#.#####
#.#......#
#....).
#.######.#
#.##### #.
#.#####<# #.
#.......#


You could see 4 gnolls.

Vanquished Creatures
  2 giant geckos (D:1)
  2 goblins (D:1)
  A hobgoblin (D:1)
  A kobold (D:2)
  4 bats (D:1)
  2 giant newts (D:1)
  5 rats (D:1)
17 creatures vanquished.

Vanquished Creatures (collateral kills)
  3 hobgoblins (D:1)
  A kobold (D:1)
4 creatures vanquished.

Grand Total: 21 creatures vanquished

Notes
Turn   | Place    | Note
--------------------------------------------------------------
     0 | D:1      | M4edhros the Octopode Artificer began the quest for the Orb.
     0 | D:1      | Reached XP level 1. HP: 13/13 MP: 3/3
   304 | D:1      | Reached XP level 2. HP: 15/18 MP: 4/4
   749 | D:2      | Mangled by a gnoll

Vault maps used:
D:1:      saegor_arrival_simple_c, serial_park_tiny_2
D:2:      nicolae_overflow_hidden_temple, minmay_misc_feat_x,
          cheibriados_altar_1, uniq_sigmund

Action                   || total
-------------------------++-------
Melee: Short sword       ||    41
Evoke: Wand              ||     5
 Stab: Sleeping          ||     5
       Distracted        ||     2
